 Dungeon Crawl Stone Soup version 0.30-a0-335-ge5acde7520 (webtiles) character file.

Game seed: 10214615494097553886

15450 hikkokomori the Destroyer (level 11, -1/83 (97) HPs)
             Began as a Demigod Reaver on Oct 30, 2022.
             Slain by an enormous slime creature (11 damage)
             ... on level 14 of the Dungeon.
             The game lasted 00:54:57 (15129 turns).

hikkokomori the Destroyer (Demigod Reaver)         Turns: 15129, Time: 00:54:58

HP:   -1/83 (97)    AC: 11    Str: 13    XL:     11   Next: 69%
MP:   19/22         EV: 19    Int: 19    God:
Gold: 176           SH:  4    Dex: 20    Spells: 7/20 levels left

rFire   . . .      SeeInvis .    r - +4 scimitar (flame)
rCold   . . .      Faith    .    (no shield)
rNeg    . . .      Spirit   .    f - +0 troll leather armour
rPois   .          Reflect  .    d - +2 hat
rElec   .          Harm     .    c - +0 cloak
rCorr   .          Rampage  .    e - +0 pair of gloves
Will    +....                    h - +2 pair of boots
Stlth   +.........               H - amulet of magic regeneration
HPRegen 1.13/turn                F - ring of wizardry
MPRegen 0.58/turn                s - +4 ring of evasion

@: heavily drained
A: high MP 1, forlorn, divine attributes, large bone plates 1
a: no special abilities


You were on level 14 of the Dungeon.
You visited 1 branch of the dungeon, and saw 13 of its levels.
You also visited: Sewer.

You collected 699 gold pieces.
You spent 523 gold pieces at shops.

Inventory:

Hand Weapons
 l - a +3 great sword
 p - a +5 long sword
 r - a +4 scimitar of flaming (weapon)
 L - a +5 trident of freezing
 M - a +6 dagger
Missiles
 j - 21 poisoned darts (quivered)
 t - 2 throwing nets
 C - 6 atropa-tipped darts
Armour
 c - a +0 cloak (worn)
 d - a +2 hat (worn)
 e - a +0 pair of gloves (worn)
 f - a +0 troll leather armour (worn)
 h - a +2 pair of boots (worn)
 D - a +0 leather armour of willpower
Jewellery
 s - a +4 ring of evasion (right hand)
 E - a +6 ring of intelligence
 F - a ring of wizardry (left hand)
 H - an amulet of magic regeneration (around neck)
Wands
 a - a wand of polymorph (8)
 G - a wand of flame (16)
 J - a wand of mindburst (3)
Scrolls
 k - 4 scrolls of vulnerability
 n - 3 scrolls of enchant armour
 o - 2 scrolls of fear
 q - a scroll of amnesia
 y - a scroll of silence
 K - 2 scrolls of immolation
Potions
 b - 2 potions of might
 i - a potion of lignification
 m - 5 potions of flight
 u - a potion of resistance
 v - a potion of degeneration
 x - a potion of magic
 A - 3 potions of mutation
 I - a potion of heal wounds
 N - a potion of ambrosia
 O - a potion of brilliance
Miscellaneous
 w - a phial of floods


   Skills:
 - Level 9.0 Fighting
 - Level 3.0(6.4) Short Blades
 + Level 9.0(9.2) Long Blades
 - Level 6.2 Dodging
 + Level 5.1 Spellcasting
 + Level 9.7 Conjurations
 + Level 4.2 Poison Magic


You had 7 spell levels left.
You knew the following spells:

 Your Spells              Type           Power      Damage    Failure   Level
a - Kiss of Death         Conj/Necr      92%        2d12      1%          1
b - Momentum Strike       Conj/Tloc      46%        3d9       1%          2
c - Mephitic Cloud        Conj/Pois/Air  22%        N/A       2%          3
d - Hailstorm             Conj/Ice       23%        3d7       2%          3
e - Olgreb's Toxic Radia  Pois           20%        N/A       12%         4

Your spell library contained the following spells:

 Spells                   Type           Power      Damage    Failure   Level
 Foxfire                  Conj/Fire      92%        2x1d8     1%          1
 Magic Dart               Conj           100%       1d8       1%          1
 Sting                    Tmut/Pois      48%        1d5       2%          1
 Stone Arrow              Conj/Erth      46%        3d9       2%          3
 Poisonous Vapours        Pois/Air       24%        N/A       4%          2
 Apportation              Tloc           8%         N/A       6%          1
 Necrotise                Necr           16%        1d4       6%          1
 Summon Small Mammal      Summ           16%        N/A       6%          1
 Call Imp                 Summ           4%         N/A       10%         2
 Inner Flame              Hex/Fire       4%         N/A       19%         3
 Fireball                 Conj/Fire      11%        3d7       24%         5
 Animate Armour           Summ/Erth      8%         N/A       50%         4
 Cause Fear               Hex            2%         N/A       50%         4
 Iron Shot                Conj/Erth      11%        9d3       75%         6
 Starburst                Conj/Fire      11%        6d5       75%         6
 Blade Hands              Tmut           2%         N/A       83%         5
 Discord                  Hex            2%         N/A       100%        8
 Lehudib's Crystal Spear  Conj/Erth      11%        10d4      100%        8


Dungeon Overview and Level Annotations

Branches:
Dungeon (14/15)            Temple (0/1) D:4            Lair (0/5) D:11
 Vaults (0/5) D:14          Sewer (visited)
    Orc: D:9-12

Shops:
D:3 :   D:9 *   D:10 [:[

Annotations:
D:6 1 runed translucent door, p00ps00p's ghost, novice HOFi
D:11 exclusion: oklob plant, capslocke's ghost, journeyman KoAr


Innate Abilities, Weirdness & Mutations

You have an increased reservoir of magic. (+10% MP)
You shall have no god before yourself.
Your divine heritage dramatically boosts your attributes as you level up.
You are partially covered in large bone plates. (SH +4)


Message History

The slime creature misses you.
Two slime creatures merge to form an enormous slime creature.
There is a stone staircase leading up here.
Casting: Hailstorm (mildly dangerous; 2% risk of failure)
Confirm with . or Enter, or press ? or * to list all spells.
Aiming: Kiss of Death (safe; 1% risk of failure)
Press: ? - help, Shift-Dir - straight line, f - enormous slime creature
Aim: an enormous slime creature (severely wounded, 100% to hit)
The negative energy hits the enormous slime creature!
The enormous slime creature is drained!
The enormous slime creature is severely wounded.
You feel drained.
You hit the enormous slime creature. You burn the enormous slime creature.
The enormous slime creature is severely wounded.
You slash the enormous slime creature! You burn the enormous slime creature.
The enormous slime creature is severely wounded.
The enormous slime creature hits you!!!!
Ouch! That really hurt!
* * * LOW HITPOINT WARNING * * *
Unknown command.
Okay, then.
Press: ? - help, v - describe, . - travel
Here: an enormous slime creature (severely wounded, lightly drained)
The floor.
Okay, then.
Okay, then.
Unknown command.
Press: ? - help, v - describe, . - travel
Here: an enormous slime creature (severely wounded, lightly drained)
The floor.
Search for what [Enter for "phial", or ? for help]?
Okay, then.
Throw: 22 darts (poison)
Press: ? - help, Q - select action, (/) - cycle Shift-Dir - straight line, f/p - enormous slime creature
Aim: an enormous slime creature (severely wounded, lightly drained, 85% to hit)
You throw a poisoned dart.
The poisoned dart hits the enormous slime creature.
The enormous slime creature is severely wounded.
The enormous slime creature hits you!
You die...

#. .###. #.
#..... #.
#...... #.
....... #.
.......
#.#......#
#...# ##J##
#@# #.# #.#
#.# # #.#
########...#
#.#
#..)........
#.#
#.######...#
#.####.# #
#....<.#


You could see an enormous slime creature (drained).

Vanquished Creatures
  A hydra (D:8)
  A two-headed ogre (D:9)
  2 boulder beetles (D:9)
  4 vault guards (D:14)
  Erica (D:9)
  A swamp dragon (shapeshifter) (D:8)
  An ugly thing (D:8)
  2 manticores
  4 cyclopes
  A komodo dragon (D:10)
  A troll (D:8)
  A hornet (D:10)
  Grinder (D:5)
  4 wyverns
  2 shadows
  8 yaks
  A wraith (D:10)
  5 vampire mosquitoes
  5 water moccasins (D:11)
  2 black bears (D:7)
  2 centaurs (D:6)
  A phantom (D:5)
  3 kobold brigands
  2 gnoll sergeants
  6 bullfrogs
  A necrophage (D:6)
  5 scorpions
  11 wights
  6 killer bees
  4 howler monkeys
  3 hounds
  2 orc priests
  A scorpion zombie (D:3)
  6 orc wizards
  25 gnolls
  8 adders
  A shadow imp (D:6)
  2 white imps (D:5)
  2 worms (D:4)
  3 dart slugs
  32 orcs
  3 endoplasms
  5 giant cockroaches
  3 goblins (D:2)
  9 hobgoblins
  5 jackals
  6 quokkas
  6 ball pythons
  A ball python zombie (D:3)
  5 bats
  A frilled lizard (D:2)
  11 kobolds
  12 rats
241 creatures vanquished.

Vanquished Creatures (others)
  A wyvern (D:7)
  A yak (D:8)
  A steam dragon (D:8)
  2 water moccasins
  A gnoll sergeant (D:6)
  A wight (D:9)
  2 iguanas
  2 orc wizards (D:5)
  3 gnolls
  An orc (D:3)
  A bush (D:11)
  4 fungi (D:11)
  14 plants (D:11)
  3 withered plants (D:3)
37 creatures vanquished.

Grand Total: 278 creatures vanquished

Notes
Turn   | Place    | Note
-------+----------+-------------------------------------------
     0 | D:1      | hikkokomori the Demigod Reaver began the quest for the Orb.
     0 | D:1      | Reached XP level 1. HP: 17/17 MP: 5/5
   436 | D:1      | Reached XP level 2. HP: 21/21 MP: 5/7
  1161 | D:2      | Reached XP level 3. HP: 25/25 MP: 8/8
  1600 | D:3      | Reached XP level 4. HP: 32/37 MP: 10/10
  1814 | D:3      | Found a glowing drain.
  1818 | Sewer    | Entered a sewer
  1876 | Sewer    | Noticed a kobold brigand
  1879 | Sewer    | Noticed a kobold brigand
  1902 | Sewer    | Killed a kobold brigand
  1903 | Sewer    | Reached XP level 5. HP: 35/45 MP: 10/12
  2106 | D:2      | Learned a level 2 spell: Momentum Strike
  2687 | D:3      | Found Velifig's Vocational Training.
  2879 | D:3      | Reached XP level 6. HP: 35/51 MP: 13/13
  3155 | D:4      | Found a staircase to the Ecumenical Temple.
  4020 | D:5      | Entered Level 5 of the Dungeon
  4304 | D:5      | Reached XP level 7. HP: 35/59 MP: 14/14
  4429 | D:5      | Noticed Grinder
  4463 | D:5      | Killed Grinder
  4564 | D:5      | Reached skill level 5 in Long Blades
  4564 | D:5      | Reached skill level 5 in Conjurations
  4705 | D:5      | Learned a level 3 spell: Mephitic Cloud
  5494 | D:6      | Reached skill level 5 in Fighting
  5602 | D:6      | Found a runed translucent door.
  5605 | D:6      | Noticed p00ps00p's ghost (novice HOFi)
  5611 | D:6      | Reached XP level 8. HP: 66/68 MP: 15/15
  6493 | D:6      | Learned a level 3 spell: Hailstorm
  7843 | D:7      | Gained mutation: You are partially covered in large bone
                  | plates. (SH +4) [potion of mutation]
  8591 | D:8      | Noticed a seven-headed hydra
  8670 | D:7      | Reached XP level 9. HP: 72/74 MP: 16/16
  9288 | D:8      | Noticed a manticore
  9310 | D:8      | Killed a manticore
  9516 | D:8      | Noticed a cyan ugly thing
  9549 | D:8      | Killed a cyan ugly thing
  9625 | D:8      | Noticed a faun
  9652 | D:8      | a faun changed into a swamp dragon
  9652 | D:8      | Noticed a swamp dragon (shapeshifter)
  9675 | D:8      | Killed a swamp dragon
 10509 | D:8      | Killed a seven-headed hydra
 10510 | D:8      | Reached skill level 1 in Short Blades
 10523 | D:8      | Reached XP level 10. HP: 6/68 MP: 14/18
 11276 | D:9      | Noticed Erica
 11623 | D:9      | Killed Erica
 11624 | D:9      | Reached skill level 5 in Dodging
 11781 | D:9      | Found Reipixt's General Store.
 11792 | D:9      | Bought a scroll of summoning for 133 gold pieces
 11882 | D:9      | Noticed a deep elf pyromancer
 12002 | D:9      | Noticed a boulder beetle
 12030 | D:9      | Noticed a two-headed ogre
 12040 | D:9      | Killed a two-headed ogre
 12050 | D:9      | Killed a boulder beetle
 12278 | D:9      | Noticed a cyclops
 12374 | D:9      | Learned a level 4 spell: Olgreb's Toxic Radiance
 12423 | D:9      | Noticed a boulder beetle
 12449 | D:9      | Killed a boulder beetle
 12617 | D:9      | Killed a cyclops
 12618 | D:9      | Reached skill level 1 in Poison Magic
 12777 | D:9      | Noticed a cyclops
 12787 | D:9      | Killed a cyclops
 13373 | D:10     | Entered Level 10 of the Dungeon
 13373 | D:10     | Found Wuseq's Armour Emporium.
 13387 | D:10     | Found Reihif's Book Shop.
 13408 | D:10     | Noticed a cyclops
 13418 | D:10     | Killed a cyclops
 13419 | D:10     | Reached XP level 11. HP: 70/95 MP: 19/19
 13975 | D:10     | Found Fumnof's Armour Shop.
 14191 | D:10     | Bought a book of Fire for 390 gold pieces
 14452 | D:11     | Found a staircase to the Lair.
 14514 | D:11     | Noticed an orc knight
 14522 | D:11     | Noticed capslocke's ghost (journeyman KoAr)
 14522 | D:11     | You fall into a shaft and drop 3 floors!
 14540 | D:14     | Noticed a vault guard
 14540 | D:14     | Noticed a vault guard
 14540 | D:14     | Noticed a vault guard
 14541 | D:14     | Found a gate to the Vaults.
 14541 | D:14     | Noticed a vault guard
 14541 | D:14     | Noticed a vault guard
 14541 | D:14     | Noticed a vault guard
 14541 | D:14     | Noticed a vault guard
 14679 | D:14     | Killed a vault guard
 14856 | D:14     | Killed a vault guard
 14939 | D:14     | Killed a vault guard
 14940 | D:14     | Reached skill level 5 in Spellcasting
 15091 | D:14     | Killed a vault guard
 15129 | D:14     | Slain by an enormous slime creature

Illustrated notes

Levels and vault maps discovered:
D:1:      minmay_arrival_doors, layout_basic
D:2:      layout_loops_corners, basic_altar
D:3:      layout_rooms, serial_undead, serial_undead_f, serial_undead_c,
          serial_undead_d, serial_undead_f, gup_sewer_entry_bowl,
          nicolae_shop_vocational
D:4:      layout_loops_ring, mainiacjoe_overflow_catwalk, temple_doors_e,
          hangedman_glass_teeth
D:5:      layout_loops_cross, uniq_grinder
D:6:      layout_basic, hellmonk_ghost_happy_afterlife, item_on_display_a
D:7:      layout_basic, minmay_misc_feat_five
D:8:      minmay_diamond_stairs, layout_rooms, lemuel_coloured_pillars_altar,
          palyth_stone_intersect
D:9:      minmay_tri_box, layout_irregular_city, serial_shops,
          nicolae_shop_advertising_works [nicolae_subvault_shop_adworks],
          uniq_erica
D:10:     layout_loops_cross, serial_shops, shop, nicolae_shop_crystal, shop
D:11:     layout_loops_cross, minmay_lair_entry_grove, nzn_ghost_randoct,
          uniq_fannar
D:13:     layout_long_grid, enter_trove_0, minmay_more_statues, uniq_erolcha
D:14:     layout_loops_corners, erik_vaults_2, serial_shops, shop_statue

Skill      XL: |  1  2  3  4  5  6  7  8  9 10 11 |
---------------+----------------------------------+-----
Fighting       | 2 3 4 5 6 7 8 9 |  9.0
Spellcasting   | 2 3 5 |  5.1
Long Blades    | 3 4 5 6 7 8 9 |  9.0
Conjurations   | 3 4 5 6 8 9 |  9.7
Dodging        | 4 6 |  6.2
Short Blades   | 1 3 |  3.0
Poison Magic   | 1 4 |  4.2

Action                   |  1- 3 |  4- 6 |  7- 9 | 10-12 || total
-------------------------+-------+-------+-------+-------++-------
Melee: Falchion          |   110 |   137 |       |       ||   247
       Punch             |     1 |     1 |     4 |     7 ||    13
       Long sword        |       |   130 |   392 |    50 ||   572
       Dagger            |       |       |     8 |    38 ||    46
       Scimitar          |       |       |       |   210 ||   210
Throw: Dart              |       |       |    13 |     8 ||    21
 Cast: Kiss of Death     |     2 |       |    10 |     4 ||    16
       Momentum Strike   |       |     4 |    24 |     9 ||    37
       Mephitic Cloud    |       |       |    14 |    27 ||    41
       Hailstorm         |       |       |    19 |    13 ||    32
       Olgreb's Toxic Ra |       |       |       |     1 ||     1
Evoke: Wand              |       |       |    12 |     2 ||    14
  Use: Scroll            |     3 |     2 |    10 |     8 ||    23
       Potion            |     2 |     1 |    17 |     1 ||    21
 Stab: Sleeping          |       |     2 |     2 |       ||     4
       Confused          |       |       |     7 |    23 ||    30
       Invisible         |       |       |     1 |       ||     1
Armor: Leather armour    |    52 |   101 |   157 |    44 ||   354
       Skin              |       |       |    55 |     3 ||    58
       Troll leather arm |       |       |       |    10 ||    10
Dodge: Dodged            |    81 |   192 |   284 |   162 ||   719
Block: Other             |       |       |    20 |    42 ||    62

Table legend: (Time is in decaauts)
 A = Elapsed time spent in this place.
 B = Non-inter-level travel time spent in this place.
 C = Inter-level travel time spent in this place.
 D = Time resting spent in this place.
 E = Time spent auto-exploring this place.
 F = Levels seen in this place.
 G = Mean time per level.
                   A        B        C        D        E       F      G
               +--------+--------+--------+--------+--------+-----+--------+
         Total |  15259 |  14451 |    808 |   3073 |   8155 |  14 | 1089.9 |
       Dungeon |  14964 |  14156 |    808 |   3019 |   8016 |  13 | 1151.1 |
         Sewer |    294 |    294 |      0 |     54 |    138 |   1 |  294.0 |
               +--------+--------+--------+--------+--------+-----+--------+

Top non-repeatable levels by time:
     D:9: 2414 daAuts
     D:6: 1983 daAuts
     D:8: 1828 daAuts
     D:7: 1675 daAuts
     D:5: 1490 daAuts
     D:2: 1210 daAuts
     D:4: 947 daAuts
     D:1: 891 daAuts
    D:10: 831 daAuts
     D:3: 775 daAuts
    D:14: 574 daAuts
    D:11: 313 daAuts
   Sewer: 294 daAuts
    D:13: 28 daAuts
